AoeStats
← EL LEON

MegaRandom

508287428Analyzed
3v3 RM · 11d ago on Sep 21, 2026· 40m 37s· 6 players
Game mode
Random Map
Map size
Normal (6 player)
Population
200
Speed
Normal
Resources
Standard
Victory
Conquest
Starting age
Dark Age
Ending age
Imperial Age
RankedLock teamsTeams togetherTeam positionsShared explorationLock speedFull tech treeHidden civsTurbo modeCheats
Victory
Defeat
🇦🇷 Saracens · Argentina
1144
+13
🇺🇾 Mongols · Uruguay
1038
+17
🇦🇷 Franks · Argentina
1032
+18
🇧🇷 Spanish · Brazil
1104
-17
🇦🇷 Lithuanians · Argentina
1080
-16
🇷🇺 Dravidians · Russia
1051
-15
Kleysert
6:19 Loom
9:23 Feudal Age
10:02 Double-Bit Axe
19:24 Castle Age
17:46 Horse Collar
18:16 Fletching
20:02 Bodkin Arrow
19:57 Crossbowman
24:02 Padded Archer Armor
29:18 Gold Mining
31:35 Wheelbarrow
34:04 Ballistics
37:09 Imperial Age
36:10 Husbandry
36:50 Gold Shaft Mining
36:49 Scale Barding Armor
37:00 Bloodlines
37:32 Forging
37:33 Stone Mining
38:42 Chain Barding Armor
41:01 Plate Barding Armor
>>Javo
11:20 Feudal Age
13:27 Double-Bit Axe
16:30 Castle Age
19:11 Husbandry
19:20 Scale Barding Armor
23:21 Bow Saw
24:26 Forging
26:59 Iron Casting
28:05 Chain Barding Armor
29:05 Gold Mining
29:08 Stone Mining
35:49 Wheelbarrow
40:02 Imperial Age
40:08 Cavalier
41:28 Plate Barding Armor
41:54 Blast Furnace
TiToneTa
10:15 Feudal Age
12:54 Loom
17:36 Castle Age
15:42 Double-Bit Axe
18:53 Bow Saw
20:43 Horse Collar
24:16 Forging
24:51 Husbandry
26:09 Fletching
26:33 Gold Mining
27:23 Bloodlines
27:42 Bodkin Arrow
28:41 Stone Mining
29:21 Ballistics
29:15 Heavy Plow
30:40 Wheelbarrow
35:15 Imperial Age
35:42 Hand Cart
35:35 Elite Mangudai
35:48 Elite Mangudai
37:40 Chemistry
37:34 Gold Shaft Mining
37:34 Stone Shaft Mining
37:38 Bracer
37:39 Padded Archer Armor
EL LEON
1:16 Loom
12:30 Feudal Age
13:54 Double-Bit Axe
18:48 Castle Age
16:46 Horse Collar
17:56 Gold Mining
28:12 Fletching
28:54 Heavy Plow
30:29 Wheelbarrow
31:14 Bow Saw
30:39 Elite Skirmisher
33:54 Bodkin Arrow
38:38 Imperial Age
Tebano
14:41 Feudal Age
21:13 Castle Age
21:54 Horse Collar
22:01 Double-Bit Axe
22:26 Scale Barding Armor
22:34 Forging
23:06 Loom
24:09 Heavy Plow
32:19 Wheelbarrow
32:10 Fletching
33:03 Husbandry
33:07 Padded Archer Armor
34:55 Bodkin Arrow
35:32 Bloodlines
alterg27
14:00 Feudal Age
15:57 Wheelbarrow
20:29 Castle Age
21:10 Fletching
21:57 Double-Bit Axe
23:57 Bodkin Arrow
29:13 Masonry
28:57 Guard Tower
30:58 Loom
32:39 Squires
35:03 Ballistics
39:59 Masonry
Connection lost

Rejoining the realm…

Still unreachable

The connection could not be restored.

Session expired

The server has moved on; the page needs a fresh start.